 Dungeon Crawl Stone Soup version 0.28.0-43-g3370ac3207 (webtiles) character file.

Game seed: 14482986656233291079

100 sking99 the Firebug (level 4, 0/24 HPs)
             Began as a Gargoyle Fire Elementalist on Mar 11, 2022.
             Slain by Ijyb
             ... wielding a +2 dagger of venom
              (4 damage)
             ... on level 3 of the Dungeon.
             The game lasted 00:06:53 (3004 turns).

sking99 the Firebug (Gargoyle Fire Elementalist)    Turns: 3004, Time: 00:06:53

Health: 0/24       AC: 12    Str: 12    XL:     4   Next: 73%
Magic:  0/7        EV: 12    Int: 17    God:
Gold:   93         SH:  0    Dex: 10    Spells: 2/8 levels left

rFire   . . .      SeeInvis .   g - +2 dagger (protect)
rCold   . . .      Faith    .   (no shield)
rNeg    + . .      Spirit   .   a - +0 robe
rPois   ∞          Reflect  .   (no helmet)
rElec   +          Harm     .   (no cloak)
rCorr   .          Rampage  .   (no gloves)
Will    .....                   (no boots)
Stlth   ++........              (no amulet)
HPRegen 0.08/turn               (no ring)
MPRegen 0.10/turn               (no ring)

@: under a protective aura
A: sickness immunity, AC +3, negative energy resistance 1, electricity
resistance, torment resistance 1, petrification resistance
a: no special abilities


You were on level 3 of the Dungeon.
You visited 1 branch of the dungeon, and saw 3 of its levels.

You collected 93 gold pieces.

Inventory:

Hand Weapons
 g - a +2 dagger of protection (weapon)
Armour
 a - a +0 robe (worn)
Scrolls
 b - 2 scrolls of identify {unknown}
 d - 2 scrolls of teleportation {unknown}
Potions
 c - 2 potions of curing {unknown}
 e - a potion of lignification {unknown}
 f - a potion of flight {unknown}


   Skills:
 + Level 2.1 Dodging
 - Level 2.2 Stealth
 + Level 2.6 Spellcasting
 + Level 2.2 Conjurations
 * Level 4.0 Fire Magic


You had 2 spell levels left.
You knew the following spells:

 Your Spells              Type           Power      Damage    Failure   Level
a - Foxfire               Conj/Fire      52%        2x1d6     4%          1
b - Scorch                Fire           32%        2d7       5%          2
c - Inner Flame           Hex/Fire       9%         N/A       24%         3

Your spell library contained the following spells:

 Spells                   Type           Power      Damage    Failure   Level
 Wereblood                Tmut           2%         N/A       28%         2
 Conjure Flame            Conj/Fire      13%        6-21      14%         3
 Flame Wave               Conj/Fire      13%        2d6       43%         4
 Summon Hydra             Summ           1%         N/A       100%        7
 Sublimation of Blood     Necr           Unusable   N/A       N/A         2

Dungeon Overview and Level Annotations

Branches:
Dungeon (3/15)

Altars:

Shops:
D:1 *

Annotations:
D:3 Ijyb


Innate Abilities, Weirdness & Mutations

You are immune to sickness and miasma.
Your stone body is resilient. (AC +3)
You are immune to poison.
You resist negative energy. (rN+)
You are resistant to electric shocks. (rElec)
You are resistant to unholy torment.
You are immune to petrification.


Message History

Your weapon exudes an aura of protection.
Ijyb is severely wounded.
Ijyb hits you but does no damage.
Casting: Foxfire (safe; 4% risk of failure)
Confirm with . or Enter, or press ? or * to list all spells.
You conjure some foxfire!
Ijyb hits you but does no damage.
You closely miss Ijyb.
Ijyb is severely wounded.
The foxfire hits Ijyb but does no damage.
Ijyb is severely wounded.
The foxfire hits Ijyb but does no damage.
Ijyb is severely wounded.
Ijyb closely misses you.
You barely miss Ijyb.
Ijyb is severely wounded.
Ijyb zaps a wand.
You suddenly lose the ability to move!
The now-empty wand crumbles to dust.
Ijyb hits you but does no damage.
Ijyb hits you with a +2 dagger of venom.
* * * LOW HITPOINT WARNING * * *
Ijyb hits you but does no damage.
You can move again.
Unknown command.
You barely miss Ijyb.
Ijyb is severely wounded.
Ijyb hits you with a +2 dagger of venom.
* * * LOW HITPOINT WARNING * * *
Casting: Foxfire (safe; 4% risk of failure)
Confirm with . or Enter, or press ? or * to list all spells.
You conjure some foxfire!
Ijyb barely misses you.
Unknown command.
You hit Ijyb.
Your weapon exudes an aura of protection.
Ijyb is severely wounded.
The foxfire hits Ijyb but does no damage.
Ijyb is severely wounded.
The foxfire hits Ijyb but does no damage.
Ijyb is severely wounded.
Ijyb hits you with a +2 dagger of venom.
You die...

#.#. #.. #.# #.# .....
######.###.# ........#
. ###.....# ..
##########.####.#
...#+#..)............#
<............##.######
###...§§.....##.#
+....@.....##.#
#....g.....##.#
+...(..######.#
#......# #.# #......#
#.# #......# #......#
#......#


You could see Ijyb.

Vanquished Creatures
  4 adders
  A worm (D:2)
  3 dart slugs
  4 orcs (D:2)
  3 ball pythons
  An endoplasm (D:1)
  5 goblins
  8 hobgoblins
  5 kobolds
  A quokka (D:2)
  6 bats
  5 frilled lizards
  5 rats
51 creatures vanquished.

Vanquished Creatures (others)
  166 foxfires
166 creatures vanquished.

Grand Total: 217 creatures vanquished

Notes
Turn   | Place    | Note
-------+----------+-------------------------------------------
     0 | D:1      | sking99 the Gargoyle Fire Elementalist began the quest for
                  | the Orb.
     0 | D:1      | Reached XP level 1. HP: 10/10 MP: 3/3
   180 | D:1      | Found a faded altar of an unknown god.
   187 | D:1      | Found Lenlad's General Store.
   281 | D:1      | Reached XP level 2. HP: 9/15 MP: 3/5
   392 | D:1      | Learned a level 2 spell: Scorch
   971 | D:1      | Reached XP level 3. HP: 19/19 MP: 3/6
  1009 | D:1      | Learned a level 3 spell: Inner Flame
  1871 | D:2      | Reached XP level 4. HP: 18/24 MP: 1/7
  2196 | D:1      | Reached skill level 4 in Fire Magic
  2966 | D:3      | Noticed Ijyb
  2982 | D:3      | Paralysed by Ijyb for 5 turns
  2989 | D:3      | Paralysed by Ijyb for 6 turns
  2998 | D:3      | Paralysed by Ijyb for 4 turns
  3004 | D:3      | Slain by Ijyb

Illustrated notes

Levels and vault maps discovered:
D:1:      dpeg_arrival_tiny_c, layout_basic, serial_shops, shop_fountains,
          basic_ecumenical_altar, serial_glass, glass_columns_c,
          glass_columns_a, serial_bayou_lake_a
D:2:      layout_basic
D:3:      layout_basic, serial_shops, shop, uniq_ijyb, uniq_natasha,
          uniq_terence

Skill      XL: |  1  2  3  4 |
---------------+-------------+-----
Dodging        | 2 |  2.1
Conjurations   | 2 |  2.2
Fire Magic     | 4 |  4.0
Stealth        | |  2.2
Spellcasting   | |  2.6

Action                   |  1- 3 |  4- 6 || total
-------------------------+-------+-------++-------
Melee: Unarmed           |     1 |       ||     1
       Dagger            |     7 |    26 ||    33
 Cast: Foxfire           |    60 |    37 ||    97
       Scorch            |     4 |     4 ||     8
Armor: Robe              |     9 |    16 ||    25
Dodge: Dodged            |    29 |    29 ||    58
